 Dungeon Crawl Stone Soup version 0.23-a0-445-g768d57b (webtiles) character file.

3 Lavandula the Chucker (level 1, 0/14 HPs)
             Began as an Octopode Hunter on Nov 17, 2018.
             Slain by a jackal (2 damage)
             ... on level 1 of the Dungeon.
             The game lasted 00:00:22 (33 turns).

Lavandula the Chucker (Octopode Hunter)               Turns: 33, Time: 00:00:23

Health: 0/14       AC:  1    Str: 11    XL:     1   Next: 50%
Magic:  1/1        EV: 13    Int: 13    God:
Gold:   5          SH:  0    Dex: 15    Spells: 0/0 levels left

rFire    . . .     SeeInvis .     - Unarmed
rCold    . . .     Gourm    .   (no shield)
rNeg     . . .     Faith    .   (helmet restricted)
rPois    .         Spirit   .   (no amulet)
rElec    .         Reflect  .   a - +3 ring of dexterity
rCorr    .         Harm     .   (no ring)
MR       .....                  (no ring)
Stlth    +++.......             (no ring)
HPRegen  0.04/turn              (no ring)
MPRegen  0.07/turn              (no ring)
                                (no ring)
                                (no ring)

@: no status effects
A: almost no armour, stealthy swim, amphibious, 8 rings, constrict 8, camouflage
1, gelatinous body 1
a: no special abilities


You were on level 1 of the Dungeon.
You were not hungry.

You visited 1 branch of the dungeon, and saw 1 of its levels.

You collected 5 gold pieces.

Inventory:

Missiles
 b - 4 javelins (quivered)
 c - 2 throwing nets
Jewellery
 a - a +3 ring of dexterity (left tentacle)
Scrolls
 e - a scroll of identify {unknown}
Comestibles
 d - a ration


   Skills:
 - Level 2.0 Fighting
 - Level 4.0 Throwing
 - Level 2.0 Dodging
 - Level 1.3 Stealth
 + Level 1.0 Unarmed Combat


You couldn't memorise any spells.
You didn't know any spells.
Your spell library was empty.

Dungeon Overview and Level Annotations

Branches:
Dungeon (1/15)

Altars:


Innate Abilities, Weirdness & Mutations

You cannot wear most types of armour.
You are very stealthy in the water. (Stealth+)
You are amphibious.
You can wear up to eight rings at the same time.
You can use your tentacles to constrict eight enemies at once.
Your skin changes colour to match your surroundings (Stealth+).
Your rubbery body absorbs attacks. (AC +1, EV +1)


Message History

You closely miss the jackal. Your grab misses the jackal.
You squeeze the jackal.
You kill the jackal!
Your Unarmed Combat skill increases to level 1!
You constrict the jackal, but do no damage.
The jackal barely misses you. x3; The jackal misses you.
The jackal bites you.
Unknown command.
You tentacle-slap the jackal but do no damage.
You grab the jackal. You constrict the jackal.
You constrict the jackal, but do no damage.
The jackal bites you.
* * * LOW HITPOINT WARNING * * *
The jackal bites you.
* * * LOW HITPOINT WARNING * * *
The jackal bites you but does no damage.
You closely miss the jackal. Your grab misses the jackal.
You constrict the jackal.
You constrict the jackal, but do no damage.
The jackal misses you. The jackal barely misses you. The jackal bites you.
You die...

.. .. .######## .......
..... # #$..# #. #...#
#.[ #.@.# #
.(..#####hhh# ..#
..........s.#######...#
(.....................#
#####........<......#
#...####........# #...#
#...##...#
.#####...####...# ..#
.................. .#


You could see 3 jackals and a giant cockroach.

Vanquished Creatures
  A hobgoblin (D:1)
  A jackal (D:1)
  A rat (D:1)
3 creatures vanquished.

Notes
Turn   | Place    | Note
-------+----------+-------------------------------------------
     0 | D:1      | Lavandula the Octopode Hunter began the quest for the Orb.
     0 | D:1      | Reached XP level 1. HP: 14/14 MP: 1/1
    31 | D:1      | Reached skill level 1 in Unarmed Combat
    33 | D:1      | Slain by a jackal

Vault maps used:
D:1:      dpeg_arrival_boxorama

Skill      XL: |  1 |
---------------+----+-----
Unarmed Combat | 1 |  1.0
Fighting       | |  2.0
Throwing       | |  4.0
Dodging        | |  2.0
Stealth        | |  1.3

Action                   || total
-------------------------++-------
Melee: Unarmed           ||     7
       Constrict         ||     3
       Tentacles         ||     2
Throw: Javelin           ||     2
Armor: Skin              ||     1
Dodge: Dodged            ||    13

Table legend:
 A = Non-vault XP
 B = Vault XP
 C = Vault XP percentage of total XP
 D = Non-vault monster count
 E = Vault monster count
 F = Vault count percentage of total count
                 A         B        C        D         E       F
            +---------+---------+-------+---------+---------+-------
      Total |       5 |       0 |   0.0 |       3 |       0 |   0.0
            +---------+---------+-------+---------+---------+-------
        D:1 |       5 |       0 |   0.0 |       3 |       0 |   0.0
            +---------+---------+-------+---------+---------+-------
